TOP OF THE 1ST |
Jackson Generals batting - Pitching for Montgomery Biscuits : RHP Jose Robles
|
Pitching: RHP Jose Robles
|
|
Batting: SHB Detlef Oursler
|
0-0: Ball 1-0: Ball 2-0: Foul Ball, location: 2F 2-1: Ground out 3-1 (Groundball, 34, EV 87.5 MPH)
|
Batting: LHB Tom Reynolds
|
0-0: Called Strike 0-1: Ball 1-1: Swinging Strike 1-2: Foul Ball, location: 2F 1-2: Ball 2-2: Ball 3-2: Ground out 6-3 (Groundball, 6, EV 78.8 MPH)
|
Batting: LHB Jawad Fahad
|
0-0: Ground out 1-3 (Groundball, 13S, EV 73.1 MPH)
|
Top of the 1st over - 0 runs, 0 hits, 0 errors, 0 left on base; Jackson 0 - Montgomery 0 |
BOTTOM OF THE 1ST |
Montgomery Biscuits batting - Pitching for Jackson Generals : LHP Matt Lee
|
Pitching: LHP Matt Lee
|
|
Batting: LHB Bill McGregor
|
0-0: Ball 1-0: Ball 2-0: Called Strike 2-1: Fly out, F7 (Flyball, 7LS, EV 78.1 MPH)
|
Batting: RHB Jonathan Fraire
|
0-0: Ball 1-0: Called Strike 1-1: Foul Ball, location: 2F 1-2: Ball 2-2: Strikes out swinging
|
Batting: RHB David Ward
|
0-0: Called Strike 0-1: Ball 1-1: Ball 2-1: Ball 3-1: Foul Ball, location: 2F 3-2: Foul Ball, location: 2F 3-2: Base on Balls
|
Batting: SHB Lou Kroneman
|
0-0: Called Strike 0-1: Ball 1-1: Foul Ball, location: 2F 1-2: Strikes out looking
|
Bottom of the 1st over - 0 runs, 0 hits, 0 errors, 1 left on base; Jackson 0 - Montgomery 0 |
TOP OF THE 2ND |
Jackson Generals batting - Pitching for Montgomery Biscuits : RHP Jose Robles
|
Batting: RHB Robby Cuellar
|
0-0: Ball 1-0: Swinging Strike 1-1: Ball 2-1: Ground out 4-3 (Groundball, 4, EV 83.8 MPH)
|
Batting: RHB Sean Peake
|
0-0: Ground out 6-3 (Groundball, 6, EV 87.5 MPH)
|
Batting: RHB Micah Roth
|
0-0: Foul Ball, location: 2F 0-1: Ball 1-1: Swinging Strike 1-2: Foul Ball, location: 2F 1-2: Strikes out looking
|
Top of the 2nd over - 0 runs, 0 hits, 0 errors, 0 left on base; Jackson 0 - Montgomery 0 |
BOTTOM OF THE 2ND |
Montgomery Biscuits batting - Pitching for Jackson Generals : LHP Matt Lee
|
Batting: SHB Wayne Hattan
|
0-0: Ball 1-0: Ball 2-0: Ball 3-0: Base on Balls
|
Batting: LHB Mark Marvin
|
0-0: Ball 1-0: Ball 2-0: Foul Ball, location: 2F 2-1: Ground out 5-3 (Groundball, 25, EV 84.4 MPH) Wayne Hattan to second
|
Batting: RHB Freddy Mullen
|
0-0: Swinging Strike 0-1: Called Strike 0-2: Ball 1-2: Ball 2-2: Strikes out swinging
|
Batting: RHB Kunizo Yanagisawa
|
0-0: Fly out, F8 (Flyball, 8RD, EV 84.4 MPH)
|
Bottom of the 2nd over - 0 runs, 0 hits, 0 errors, 1 left on base; Jackson 0 - Montgomery 0 |
TOP OF THE 3RD |
Jackson Generals batting - Pitching for Montgomery Biscuits : RHP Jose Robles
|
Batting: SHB Tony de Lara
|
0-0: Called Strike 0-1: Ball 1-1: Swinging Strike 1-2: Ball 2-2: Strikes out swinging
|
Batting: RHB Joe Stading
|
0-0: Foul Ball, location: 2F 0-1: SINGLE (Groundball, 56D, EV 94.4 MPH)
|
Batting: RHB Clay Statum
|
0-0: Ball Wild Pitch! Joe Stading to second 1-0: Foul Ball, location: 2F 1-1: Called Strike 1-2: Ball 2-2: Ground out 4-3 (Groundball, 4, EV 106.2 MPH) Joe Stading to third
|
Batting: SHB Detlef Oursler
|
0-0: Called Strike 0-1: Hit by Pitch
|
Batting: LHB Tom Reynolds
|
0-0: Ball 1-0: Ball Wild Pitch! Joe Stading scores Detlef Oursler to second 2-0: Swinging Strike 2-1: Fly out, F9 (Line Drive, 9, EV 87.5 MPH)
|
Top of the 3rd over - 1 run, 1 hit, 0 errors, 1 left on base; Jackson 1 - Montgomery 0 |
BOTTOM OF THE 3RD |
Montgomery Biscuits batting - Pitching for Jackson Generals : LHP Matt Lee
|
Batting: RHB Chris Glavin
|
0-0: Called Strike 0-1: DOUBLE (Flyball, 78D, EV 108.1 MPH)
|
Pinch Runner at 2nd Alex Genao:
|
|
Batting: LHB Bill McGregor
|
0-0: Called Strike 0-1: Ball 1-1: Foul Ball, location: 2F 1-2: DOUBLE (Flyball, 8LXD, EV 91.9 MPH) Alex Genao scores
|
Batting: RHB Jonathan Fraire
|
0-0: Ball 1-0: Ball 2-0: Foul Ball, location: 2F 2-1: Ground out 4-3 (Groundball, 4, EV 85.6 MPH) Bill McGregor to third
|
Batting: RHB David Ward
|
0-0: Swinging Strike 0-1: Ground out 5-3 (Groundball, 56S, EV 89.4 MPH) Bill McGregor scores
|
Batting: SHB Lou Kroneman
|
0-0: Called Strike 0-1: Ground out 5-3 (Groundball, 56, EV 88.8 MPH)
|
Bottom of the 3rd over - 2 runs, 2 hits, 0 errors, 0 left on base; Jackson 1 - Montgomery 2 |
TOP OF THE 4TH |
Jackson Generals batting - Pitching for Montgomery Biscuits : RHP Jose Robles
|
Now at 2B: Alex Genao
|
|
Now at 3B: Mark Marvin
|
|
Batting: LHB Jawad Fahad
|
0-0: Ball 1-0: Called Strike 1-1: Foul Ball, location: 2F 1-2: Foul Ball, location: 2F 1-2: Ground out U3 (Groundball, 3S, EV 65.6 MPH)
|
Batting: RHB Robby Cuellar
|
0-0: Ball 1-0: Ball 2-0: Called Strike 2-1: Ground out 4-3 (Groundball, 4, EV 110.6 MPH)
|
Batting: RHB Sean Peake
|
0-0: Ball 1-0: Swinging Strike 1-1: Ground out 6-3 (Groundball, 6, EV 86.9 MPH)
|
Top of the 4th over - 0 runs, 0 hits, 0 errors, 0 left on base; Jackson 1 - Montgomery 2 |
BOTTOM OF THE 4TH |
Montgomery Biscuits batting - Pitching for Jackson Generals : LHP Matt Lee
|
Batting: SHB Wayne Hattan
|
0-0: Ball 1-0: Ground out 6-3 (Groundball, 6, EV 85.6 MPH)
|
Batting: LHB Mark Marvin
|
0-0: Ball 1-0: Called Strike 1-1: Ball 2-1: Foul Ball, location: 2F 2-2: Strikes out swinging
|
Batting: RHB Freddy Mullen
|
0-0: Called Strike 0-1: Foul Ball, location: 2F 0-2: Ball 1-2: Foul Ball, location: 2F 1-2: Foul Ball, location: 2F 1-2: Ground out 5-3 (Groundball, 56, EV 106.9 MPH)
|
Bottom of the 4th over - 0 runs, 0 hits, 0 errors, 0 left on base; Jackson 1 - Montgomery 2 |
TOP OF THE 5TH |
Jackson Generals batting - Pitching for Montgomery Biscuits : RHP Jose Robles
|
Batting: RHB Micah Roth
|
0-0: Ground out 5-3 (Groundball, 56, EV 86.2 MPH)
|
Batting: SHB Tony de Lara
|
0-0: Ball 1-0: Foul Ball, location: 2F 1-1: Called Strike 1-2: Ground out 4-3 (Groundball, 4M, EV 82.5 MPH)
|
Batting: RHB Joe Stading
|
0-0: Ball 1-0: Called Strike 1-1: Ground out 3-1 (Groundball, 13, EV 90.6 MPH)
|
Top of the 5th over - 0 runs, 0 hits, 0 errors, 0 left on base; Jackson 1 - Montgomery 2 |
BOTTOM OF THE 5TH |
Montgomery Biscuits batting - Pitching for Jackson Generals : LHP Matt Lee
|
Batting: RHB Kunizo Yanagisawa
|
0-0: Fly out, F9 (Flyball, 89M, EV 83.1 MPH)
|
Batting: LHB Alex Genao
|
0-0: Foul Ball, location: 2F 0-1: Foul Ball, location: 2F 0-2: Strikes out swinging
|
Batting: LHB Bill McGregor
|
0-0: Ball 1-0: Foul Ball, location: 2F 1-1: Ball 2-1: Ball 3-1: Foul Ball, location: 2F 3-2: Foul Ball, location: 2F 3-2: Ground out 5-3 (Groundball, 56, EV 82.5 MPH)
|
Bottom of the 5th over - 0 runs, 0 hits, 0 errors, 0 left on base; Jackson 1 - Montgomery 2 |
TOP OF THE 6TH |
Jackson Generals batting - Pitching for Montgomery Biscuits : RHP Jose Robles
|
Batting: RHB Clay Statum
|
0-0: Called Strike 0-1: Ball 1-1: Swinging Strike 1-2: Foul Ball, location: 2F 1-2: Ball 2-2: Foul Ball, location: 2F 2-2: Foul Ball, location: 2F 2-2: Foul Ball, location: 2F 2-2: Ball 3-2: Foul Ball, location: 2F 3-2: Ground out 4-3 (Groundball, 4, EV 85.6 MPH)
|
Batting: SHB Detlef Oursler
|
0-0: Fly out, F9 (Flyball, 9, EV 96.2 MPH)
|
Batting: LHB Tom Reynolds
|
0-0: Ball 1-0: Ball 2-0: Called Strike 2-1: Foul Ball, location: 2F 2-2: Ground out 6-3 (Groundball, 6, EV 87.5 MPH)
|
Top of the 6th over - 0 runs, 0 hits, 0 errors, 0 left on base; Jackson 1 - Montgomery 2 |
BOTTOM OF THE 6TH |
Montgomery Biscuits batting - Pitching for Jackson Generals : LHP Matt Lee
|
Batting: RHB Jonathan Fraire
|
0-0: Ball 1-0: Ball 2-0: Ball 3-0: Called Strike 3-1: Hit by Pitch
|
Pitching: RHP Ian Gaines
|
|
Batting: RHB David Ward
|
0-0: Called Strike 0-1: Called Strike 0-2: Strikes out swinging
|
Batting: SHB Lou Kroneman
|
0-0: Ball 1-0: Called Strike Jonathan Fraire steals 2nd, throwing error, E2 Jonathan Fraire to third 1-1: Intentional Walk
|
Batting: SHB Wayne Hattan
|
0-0: Foul Ball, location: 2F 0-1: Called Strike 0-2: Ball 1-2: Fly out, F9 (Flyball, 89M, EV 93.1 MPH) Runner from 3rd tags up, SCORES, no throw by RF
|
Pitching: LHP Rentaro Minami
|
|
Batting: LHB Mark Marvin
|
0-0: Ball 1-0: Called Strike 1-1: Ball 2-1: Foul Ball, location: 2F 2-2: Strikes out swinging
|
Bottom of the 6th over - 1 run, 0 hits, 1 error, 1 left on base; Jackson 1 - Montgomery 3 |
TOP OF THE 7TH |
Jackson Generals batting - Pitching for Montgomery Biscuits : RHP Jose Robles
|
Batting: LHB Jawad Fahad
|
0-0: Ground out 4-3 (Groundball, 4, EV 96.9 MPH)
|
Batting: RHB Robby Cuellar
|
0-0: Swinging Strike 0-1: Foul Ball, location: 2F 0-2: Foul Ball, location: 2F 0-2: Ball 1-2: Strikes out looking
|
Batting: RHB Sean Peake
|
0-0: Ground out 5-3 (Groundball, 5L, EV 102.5 MPH)
|
Top of the 7th over - 0 runs, 0 hits, 0 errors, 0 left on base; Jackson 1 - Montgomery 3 |
BOTTOM OF THE 7TH |
Montgomery Biscuits batting - Pitching for Jackson Generals : LHP Rentaro Minami
|
Batting: RHB Freddy Mullen
|
0-0: Swinging Strike 0-1: Called Strike 0-2: Foul Ball, location: 2F 0-2: Ball 1-2: Foul Ball, location: 2F 1-2: Foul Ball, location: 2F 1-2: Strikes out looking
|
Batting: RHB Kunizo Yanagisawa
|
0-0: Foul Ball, location: 2F 0-1: SINGLE (Groundball, 56, EV 103.8 MPH) (infield hit)
|
Batting: LHB Alex Genao
|
0-0: Ball Kunizo Yanagisawa steals 2nd base 1-0: Called Strike 1-1: Ball 2-1: Foul Ball, location: 2F 2-2: Ball 3-2: Foul Ball, location: 2F 3-2: Strikes out swinging
|
Batting: LHB Bill McGregor
|
0-0: Called Strike 0-1: Ball 1-1: Called Strike 1-2: Ball 2-2: Ball 3-2: SINGLE (Flyball, 4MD, EV 93.1 MPH) Kunizo Yanagisawa to third Runner from 3rd tries for Home, SAFE, throw by CF to home
|
Pitching: RHP Settan Suzuki
|
|
Batting: RHB Jonathan Fraire
|
0-0: Ball 1-0: Called Strike 1-1: Ball 2-1: Called Strike 2-2: Strikes out swinging
|
Bottom of the 7th over - 1 run, 2 hits, 0 errors, 1 left on base; Jackson 1 - Montgomery 4 |
TOP OF THE 8TH |
Jackson Generals batting - Pitching for Montgomery Biscuits : RHP Jose Robles
|
Batting: RHB Micah Roth
|
0-0: Foul Ball, location: 2F 0-1: Foul Ball, location: 2F 0-2: Ball 1-2: Ball 2-2: Ball 3-2: SINGLE (Groundball, 34D, EV 106.9 MPH)
|
Batting: SHB Tony de Lara
|
0-0: Called Strike 0-1: Ball 1-1: Called Strike 1-2: Ball 2-2: SINGLE (Line Drive, 89S, EV 113.1 MPH) Micah Roth to second
|
Batting: RHB Joe Stading
|
0-0: Ball 1-0: Fielders Choice at 2nd, 3-6 (Groundball, 13, EV 80.6 MPH) Micah Roth to third
|
Pinch Hitting: SHB Jose Castillo
|
0-0: Called Strike 0-1: Swinging Strike 0-2: Strikes out swinging
|
Batting: SHB Detlef Oursler
|
0-0: Fly out, F7 (Line Drive, 78M, EV 105.0 MPH)
|
Top of the 8th over - 0 runs, 2 hits, 0 errors, 2 left on base; Jackson 1 - Montgomery 4 |
BOTTOM OF THE 8TH |
Montgomery Biscuits batting - Pitching for Jackson Generals : RHP Settan Suzuki
|
Now at 2B: Tony de Lara
|
|
Now at 3B: Salvador Avina
|
|
Batting: RHB David Ward
|
0-0: Called Strike 0-1: Ground out 4-3 (Groundball, 4, EV 83.1 MPH)
|
Batting: SHB Lou Kroneman
|
0-0: Ball 1-0: Swinging Strike 1-1: Fly out, F9 (Flyball, 9S, EV 83.1 MPH)
|
Batting: SHB Wayne Hattan
|
0-0: Fly out, F9 (Flyball, 9LD, EV 96.2 MPH)
|
Bottom of the 8th over - 0 runs, 0 hits, 0 errors, 0 left on base; Jackson 1 - Montgomery 4 |
TOP OF THE 9TH |
Jackson Generals batting - Pitching for Montgomery Biscuits : RHP Jose Robles
|
Pitching: RHP Al Speer
|
|
Batting: LHB Tom Reynolds
|
0-0: Ball 1-0: Ball 2-0: Ground out 5-3 (Groundball, 56S, EV 68.1 MPH)
|
Batting: LHB Jawad Fahad
|
0-0: Foul Ball, location: 2F 0-1: Ball 1-1: Ball 2-1: Ball 3-1: Foul Ball, location: 2F 3-2: Strikes out swinging
|
Batting: RHB Robby Cuellar
|
0-0: Fly out, F8 (Flyball, 8LS, EV 82.5 MPH)
|
Top of the 9th over - 0 runs, 0 hits, 0 errors, 0 left on base; Jackson 1 - Montgomery 4 |
|